 Dungeon Crawl Stone Soup version 0.31-a0-662-g684573625c (webtiles) character file.

Game seed: 17495104927128430471

196 kae the Firebug (level 5, -1/28 HPs)
             Began as a Tengu Fire Elementalist on Aug 31, 2023.
             Slain by a gnoll
             ... wielding a +0 spear
              (5 damage)
             ... on level 4 of the Dungeon.
             The game lasted 00:02:03 (3179 turns).

kae the Firebug (Tengu Fire Elementalist)           Turns: 3179, Time: 00:02:03

Health: -1/28      AC:  2    Str: 20    XL:     5   Next: 74%
Magic:  5/12       EV: 27    Int: 18    God:
Gold:   121        SH:  0    Dex: 14    Spells: 3/12 levels left

rFire   . . .        (no weapon)
rCold   . . .        (no shield)
rNeg    . . .        a - +0 robe
rPois   .            (helmet restricted)
rElec   .            (no cloak)
rCorr   .            (no gloves)
SInv    .            (boots unavailable)
Will    .....        (no amulet)
Stlth   ++           S - +6 ring of strength
HPRegen 0.24/turn    s - +6 ring of strength
MPRegen 0.13/turn

%: acrobat
@: acrobatic
A: beak, talons 3, acrobatic
a: no special abilities


You were on level 4 of the Dungeon.
You visited 1 branch of the dungeon, and saw 4 of its levels.

You collected 121 gold pieces.


Innate Abilities, Weirdness & Mutations

You have a beak for a mouth.
You have claws for feet.
You can magically evade attacks while moving or waiting.


   Skills:
 - Level 2.1 Dodging
 - Level 2.0 Stealth
 - Level 4.0 Spellcasting
 - Level 4.0 Conjurations
 + Level 4.3 Fire Magic


You had 3 spell levels left.
You knew the following spells:

 Your Spells              Type           Power      Damage    Failure   Level
a - Foxfire               Conj/Fire      72%        2x1d7     2%          1
b - Scorch                Fire           38%        2d6       3%          2
c - Inner Flame           Hex/Fire       11%        N/A       19%         3
d - Volatile Blastmotes   Fire/Tloc      22%        2d11      19%         3

Your spell library contained the following spells:

 Spells                   Type           Power      Damage    Failure   Level
 Cigotuvi's Dreadful Rot  Necr/Pois/Air  6%         N/A       22%         2
 Ignite Poison            Fire/Tmut/Pois 8%         N/A       24%         3
 Flame Wave               Conj/Fire      18%        2d7       26%         4
 Freezing Cloud           Conj/Ice/Air   4%         6-21      94%         5

Inventory:

Missiles
 i - 28 stones
 m - 7 boomerangs
Armour
 a - a +0 robe (worn)
Jewellery
 s - a +6 ring of strength (right hand)
   (You found it on level 2 of the Dungeon)
 C - a ring of ice
   (You found it on level 3 of the Dungeon)
 S - a +6 ring of strength (left hand)
   (You found it on level 1 of the Dungeon)
Scrolls
 g - 4 scrolls of identify {unknown}
 k - a scroll of teleportation {unknown}
 n - a scroll of torment {unknown}
Potions
 b - a potion of magic
 c - a potion of enlightenment {unknown}
 d - a potion of attraction {unknown}
 e - a potion of ambrosia {unknown}
 f - a potion of resistance {unknown}
 h - 2 potions of cancellation {unknown}
 j - 2 potions of curing {unknown}
 l - a potion of invisibility {unknown}
 o - a potion of lignification {unknown}

Dungeon Overview and Level Annotations

Branches:
Dungeon (4/15) Zot: 20797
 Temple: D:4-7

Altars:
Ashenzari

#...............).##
#...................
#####........).....#...#
...................#...#
...................#...#
.........##'#...####...#
........###.#...####...#
......ยง.....+.....##....
......ยง@###.#...........
.......).##.##..........
.......)g##.##.......)..
.........##.##..........
.........##.##.......)..
.........##.##..........
.........# .#<....โ€
....) .........#
#........... #...........


You could see a gnoll.


Message History

Your Spellcasting skill increases to level 4!
You need to enable at least one skill for training. ๐Ÿ˜Ž MP[-2]
You lost 2 mp, and now have 3/12 mp.
m - 7 boomerangs (gained 2)
Things that are here:
a +0 dagger; a +0 leather armour; an orc corpse
i - 28 stones (gained 2)
Things that are here:
a +0 club; a kobold corpse
o - an emerald potion ๐Ÿ˜Ž MP[+9]
Your mp is fully restored (12).
Unknown command.
You open the door.
There is an open door here.
A gnoll comes into view. It is wielding a +0 club.
The gnoll shouts!
A gnoll is nearby!
A gnoll is nearby!
A gnoll is nearby!
Casting: Scorch (safe; 4% risk of failure)
Confirm with . or Enter, or press ? or * to list all spells.
You conjure some foxfire!
A gnoll comes into view. It is wielding a +0 flail.
The foxfire hits the gnoll.
A gnoll comes into view. It is wielding a +0 spear.
The foxfire hits the gnoll. ๐Ÿ˜Ž MP[-1]
You lost 1 mp, and now have 11/12 mp.
Casting: Foxfire (safe; 2% risk of failure)
Confirm with . or Enter, or press ? or * to list all spells.
You conjure some foxfire!
The foxfire hits the gnoll. x2
There are monsters nearby! ๐Ÿ˜Ž MP[-1]
You lost 1 mp, and now have 10/12 mp.
Casting: Foxfire (safe; 2% risk of failure)
Confirm with . or Enter, or press ? or * to list all spells.
You conjure some foxfire!
A hobgoblin comes into view.
The foxfire hits the gnoll but does no damage.
The foxfire hits the gnoll. ๐Ÿ˜Ž MP[-1]
You lost 1 mp, and now have 9/12 mp.
Casting: Foxfire (safe; 2% risk of failure)
Confirm with . or Enter, or press ? or * to list all spells.
You conjure some foxfire!
The foxfire hits the gnoll.
You kill the gnoll!
The foxfire hits the gnoll.
Casting: Foxfire (safe; 2% risk of failure)
Confirm with . or Enter, or press ? or * to list all spells.
You conjure some foxfire!
The gnoll hits you from afar with a +0 spear.
The foxfire hits the gnoll.
The foxfire hits the gnoll but does no damage.
The gnoll hits you from afar with a +0 spear! ๐Ÿ˜ฎ HP[-11] MP[-1]
You take 11 damage, and now have 17/28 hp.
MASSIVE DAMAGE!! (PAUSE)
You lost 1 mp, and now have 8/12 mp.
Casting: Foxfire (safe; 2% risk of failure)
Confirm with . or Enter, or press ? or * to list all spells.
You conjure some foxfire!
The gnoll closely misses you. The gnoll barely misses you.
The foxfire hits the gnoll.
You kill the gnoll!
The foxfire hits the hobgoblin.
The gnoll misses you.
The hobgoblin completely misses you. ๐Ÿ˜ฎ HP[+1] MP[-1]
You lost 1 mp, and now have 7/12 mp.
Unknown command.
Casting: Foxfire (safe; 2% risk of failure)
Confirm with . or Enter, or press ? or * to list all spells.
You conjure some foxfire!
The gnoll misses you. The hobgoblin hits you.
The foxfire hits the hobgoblin but does no damage.
The foxfire hits the hobgoblin!
You kill the hobgoblin!
The gnoll completely misses you. ๐Ÿ˜ฎ HP[-3] MP[-1]
You take 3 damage, and now have 15/28 hp.
You lost 1 mp, and now have 6/12 mp.
Unknown command.
Casting: Foxfire (safe; 2% risk of failure)
Confirm with . or Enter, or press ? or * to list all spells.
You conjure some foxfire!
The gnoll misses you.
The foxfire hits the gnoll.
The gnoll hits you from afar with a +0 spear.
* * * LOW HITPOINT WARNING * * *
๐Ÿ˜จ HP[-4]
You take 4 damage, and now have 11/28 hp.
Casting: Foxfire (safe; 2% risk of failure)
Confirm with . or Enter, or press ? or * to list all spells.
You conjure some foxfire!
The gnoll hits you from afar with a +0 spear!
* * * LOW HITPOINT WARNING * * *
The foxfire hits the gnoll. x2
The gnoll hits you from afar with a +0 spear.
You die...

Skill      XL: |  1  2  3  4  5 |
---------------+----------------+-----
Conjurations   | 2 3 4 |  4.0
Fire Magic     | 4 |  4.3
Spellcasting   | 3 4 |  4.0
Dodging        | |  2.1
Stealth        | |  2.0

Action                     |  1- 3 |  4- 6 || total
---------------------------+-------+-------++-------
  Melee: Unarmed           |     2 |       ||     2
         Kick              |     1 |       ||     1
   Cast: Foxfire           |    54 |    83 ||   137
         Scorch            |     4 |     5 ||     9
 Armour: Robe              |    12 |    13 ||    25
  Dodge: Dodged            |    16 |    20 ||    36

Levels and vault maps discovered:
D:1:      beargit_arrival_greenhouse, layout_basic, serial_forest,
          infiniplex_forest_corner_2, infiniplex_forest_straight_4,
          infiniplex_forest_corner_1, infiniplex_forest_lined_room_3,
          infiniplex_forest_fountain
D:2:      minmay_chambers_of_twos, layout_loops_ring,
          hellmonk_ecumenical_altar_pennies_from_heaven,
          chequers_serial_rivers_large_a, uniq_jessica, uniq_robin
D:3:      layout_basic, nicolae_overflow_ecumenical_swirl, serial_bayou_crossing
D:4:      layout_basic, minmay_temple_entry_mini_moons, serial_shops,
          kennysheep_little_box

Notes
Turn   | Place    | Note
-------+----------+-------------------------------------------
     0 | D:1      | kae the Tengu Fire Elementalist began the quest for the
                  | Orb.
     0 | D:1      | Reached XP level 1. HP: 10/10 MP: 4/4
     0 | D:1      | magus.rc [v1.11.3]
   157 | D:1      | Reached skill level 2 in Conjurations
   157 | D:1      | Reached XP level 2. HP: 10/15 MP: 3/6
   524 | D:1      | Reached XP level 3. HP: 19/19 MP: 3/7
   821 | D:1      | Learned a level 2 spell: Scorch
   914 | D:2      | You add the spells Cigotuvi's Dreadful Rot, Ignite Poison
                  | and Freezing Cloud to your library.
   922 | D:2      | Reached skill level 4 in Fire Magic
  1009 | D:2      | Noticed Robin
  1022 | D:2      | Reached skill level 3 in Conjurations
  1129 | D:2      | Killed Robin
  1130 | D:2      | Reached XP level 4. HP: 24/24 MP: 4/8
  1282 | D:2      | Found a faded altar of an unknown god.
  1483 | D:2      | Noticed Jessica
  1489 | D:2      | Killed Jessica
  1490 | D:2      | Reached skill level 4 in Conjurations
  1571 | D:2      | Reached skill level 3 in Spellcasting
  2116 | D:3      | Learned a level 3 spell: Inner Flame
  2120 | D:3      | Learned a level 3 spell: Volatile Blastmotes
  2774 | D:3      | Reached XP level 5. HP: 26/28 MP: 7/11
  2901 | D:3      | Found a faded altar of an unknown god.
  2919 | D:3      | Found a broken altar of Ashenzari.
  3073 | D:4      | Reached skill level 4 in Spellcasting
  3178 | D:4      | HP: 4/28 [gnoll/+0 spear (7)]
  3179 | D:4      | Slain by a gnoll

Vanquished Creatures
  A jelly (D:4)
  Jessica (D:2)
  Robin (D:2)
  2 gnolls (D:4)
  An adder (D:3)
  2 worms
  4 dart slugs
  4 orcs
  A ball python (D:2)
  6 bats
  4 endoplasms
  A giant cockroach (D:3)
  17 goblins
  9 hobgoblins
  4 quokkas
  3 frilled lizards
  7 kobolds
  4 rats
72 creatures vanquished.

Vanquished Creatures (collateral kills)
  4 foxfires
4 creatures vanquished.

Vanquished Creatures (others)
  236 foxfires
236 creatures vanquished.

Grand Total: 312 creatures vanquished

Table legend:
 A = Non-vault XP
 B = Vault XP
 C = Vault XP percentage of total XP
 D = Non-vault monster count
 E = Vault monster count
 F = Vault count percentage of total count
                 A         B        C        D         E       F
            +---------+---------+-------+---------+---------+-------
      Total |     195 |      85 |  30.4 |      52 |      20 |  27.8
            +---------+---------+-------+---------+---------+-------
        D:1 |      46 |       0 |   0.0 |      23 |       0 |   0.0
        D:2 |      14 |      85 |  85.9 |       9 |      20 |  69.0
        D:3 |      34 |       0 |   0.0 |      10 |       0 |   0.0
        D:4 |     101 |       0 |   0.0 |      10 |       0 |   0.0
            +---------+---------+-------+---------+---------+-------

Skill      XL: |  1  2  3  4  5 |
---------------+----------------+-----
Conjurations   | 2 3 4 |  4.0
Fire Magic     | 4 |  4.3
Spellcasting   | 3 4 |  4.0
Dodging        | |  2.1
Stealth        | |  2.0

Action                     |  1- 3 |  4- 6 || total
---------------------------+-------+-------++-------
  Melee: Unarmed           |     2 |       ||     2
         Kick              |     1 |       ||     1
   Cast: Foxfire           |    54 |    83 ||   137
         Scorch            |     4 |     5 ||     9
 Armour: Robe              |    12 |    13 ||    25
  Dodge: Dodged            |    16 |    20 ||    36

Illustrated notes

Table legend:
 A = Kills in this place as a percentage of kills in the entire game.
 B = Kills by you in this place as a percentage of kills by you in the entire game.
 C = Kills by friends in this place as a percentage of kills by friends in the entire game.
 D = Other kills in this place as a percentage of other kills in the entire game.
 E = Experience gained in this place as a percentage of experience gained in the entire game.
 F = Experience gained in this place divided by the number of levels of this place that you have seen.
                   A       B       C       D       E      F
               +-------+-------+-------+-------+-------+----------------------
         Total | 100.0 | 100.0 |   N/A |   N/A | 100.0 |  70.0
       Dungeon | 100.0 | 100.0 |   N/A |   N/A | 100.0 |  70.0
               +-------+-------+-------+-------+-------+----------------------

Table legend: (Time is in decaauts)
 A = Elapsed time spent in this place.
 B = Non-inter-level travel time spent in this place.
 C = Inter-level travel time spent in this place.
 D = Time resting spent in this place.
 E = Time spent auto-exploring this place.
 F = Levels seen in this place.
 G = Mean time per level.
                   A        B        C        D        E       F      G
               +--------+--------+--------+--------+--------+-----+--------+
         Total |   3201 |   3138 |     63 |     20 |   2665 |   4 |  800.2 |
       Dungeon |   3201 |   3138 |     63 |     20 |   2665 |   4 |  800.2 |
               +--------+--------+--------+--------+--------+-----+--------+

Top non-repeatable levels by time:
     D:2: 1168 daAuts
     D:1: 956 daAuts
     D:3: 864 daAuts
     D:4: 211 daAuts
